 Dungeon Crawl Stone Soup version 0.17.0-1-g61d176b (webtiles) character file.

12586 ololoev the Destroyer (level 11, -5/57 HPs)
             Began as a Deep Elf Fire Elementalist on Nov 7, 2015.
             Was a Priest of Vehumet.
             Slain by a minotaur
             ... wielding the +5 morningstar of Midnight {crush, rF+ MR+ SInv}
              (14 damage)
             ... in a labyrinth.
             The game lasted 00:47:21 (12183 turns).

ololoev the Destroyer (Deep Elf Fire Elementalist) Turns: 12183, Time: 00:47:21

Health: -5/57      AC: 16    Str: 10    XL:     11   Next: 64%
Magic:  11/28      EV: 13    Int: 24    God:    Vehumet [***...]
Gold:   456        SH:  5    Dex: 15    Spells: 5 memorised, 16 levels left

rFire  + . .     SeeInvis +     a - +2 mace (protect)
rCold  x . .     Clarity  .     t - +1 animal skin
rNeg   . . .     SustAt   .     N - +0 buckler
rPois  .         Gourm    .     f - +2 hat
rElec  .         Spirit   .     T - +1 cloak {+Inv}
rCorr  .         Warding  .     E - +2 pair of gloves
rMut   .         Stasis   .     d - +0 pair of boots
MR     +....                    L - amulet of regeneration
Stlth  ++........               n - ring of see invisible
                                R - ring of fire

@: mighty, very slightly contaminated, somewhat resistant to hostile
enchantments, unstealthy
A: horns 1, blink, breathe flames 1
a: Blink, Renounce Religion, Breathe Fire, Evoke Invisibility


Innate Abilities, Weirdness & Mutations

You have a pair of small horns on your head.
You can translocate small distances at will.
You can breathe flames.

Inventory:

Hand Weapons
 a - a +2 mace of protection (weapon)
 b - a +4 blowgun
Armour
 d - a +0 pair of boots (worn)
 f - a +2 hat (worn)
 t - a +1 animal skin (worn)
 E - a +2 pair of gloves (worn)
 N - a +0 buckler (worn)
 T - a +1 cloak of invisibility (worn)
Jewellery
 i - an uncursed ring of teleportation
 n - a ring of see invisible (right hand)
 r - an uncursed amulet of clarity
 G - an uncursed amulet of the gourmand
 L - an amulet of regeneration (around neck)
 R - a ring of fire (left hand)
Wands
 o - a wand of digging (0)
Scrolls
 j - a scroll of recharging
 l - a scroll of fog
 m - 6 scrolls of identify
 s - 3 scrolls of remove curse
 K - 3 scrolls of magic mapping
 M - a scroll of amnesia
 O - 5 scrolls of teleportation
Potions
 e - a potion of lignification
 g - 3 potions of brilliance
 y - 2 potions of invisibility
 z - 2 potions of flight
 A - 2 potions of heal wounds
 B - 6 potions of curing
 H - 2 potions of haste
Books
 S - a book of Flames

   Spells                             Type                      Level
   a - Flame Tongue                   Conjuration/Fire             1
   b - Throw Flame                    Conjuration/Fire             2
   c - Conjure Flame                  Conjuration/Fire             3
   d - Inner Flame                    Hexes/Fire                   3
   e - Sticky Flame                   Conjuration/Fire             4
   f - Fireball                       Conjuration/Fire             5
Comestibles
 c - 6 bread rations
 h - 3 royal jellies
 k - 5 meat rations
 w - 10 fruits
 D - 7 slices of pizza


   Skills:
 + Level 1.8 Fighting
 + Level 3.6 Dodging
 - Level 2.4 Stealth
 * Level 2.8 Shields
 + Level 11.0 Spellcasting
 * Level 12.5 Conjurations
 * Level 12.3 Fire Magic


You had 16 spell levels left. You knew the following spells: Your Spells Type Power Failure Level Hunger a - Flame Tongue Conj/Fire ##### 1% 1 None b - Conjure Flame Conj/Fire #######. 1% 3 None c - Sticky Flame Conj/Fire #######. 1% 4 None d - Fireball Conj/Fire #######... 1% 5 ####... e - Inner Flame Hex/Fire ######.. 1% 3 None You were in a labyrinth. You worshipped Vehumet. Vehumet was most pleased with you. You were not hungry. You visited 2 branches of the dungeon, and saw 12 of its levels. You also visited: Labyrinth. You collected 763 gold pieces. You spent 307 gold pieces at shops. . . .. .#.# . ...# # ## # # #..# #..# .. #..# # # #..# . # ##.# #@.# ### .# # .#H.#. . .##### #.. ▓§§..# . # ..#.# # ▓§.#.# .#.#.#.#. ▓..#.# #.# . # ▓..# # .#H#.#. ▓ ▓..# # #...H...▓ ▓..# ..# #######▓▓▓.# #

Notes
Turn   | Place    | Note
--------------------------------------------------------------
     0 | D:1      | ololoev the Deep Elf Fire Elementalist began the quest for the Orb.
     0 | D:1      | Reached XP level 1. HP: 10/10 MP: 6/6
   433 | D:1      | Reached XP level 2. HP: 15/15 MP: 6/8
   737 | D:2      | Noticed Ijyb
   995 | D:2      | Reached XP level 3. HP: 19/19 MP: 7/9
  1000 | D:2      | Learned a level 3 spell: Conjure Flame
  1048 | D:2      | Noticed Natasha
  1077 | D:2      | Killed Natasha
  1132 | D:2      | Noticed Robin
  1199 | D:2      | Reached skill level 4 in Fire Magic
  1199 | D:2      | Reached XP level 4. HP: 24/24 MP: 2/11
  1205 | D:2      | Learned a level 4 spell: Sticky Flame
  1355 | D:2      | Noticed Natasha
  1369 | D:2      | Killed Natasha
  1629 | D:2      | Killed Robin
  1751 | D:2      | Killed Ijyb
  1818 | D:2      | Noticed Natasha
  1823 | D:2      | Killed Natasha
  1904 | D:2      | Found an ancient bone altar of Kikubaaqudgha.
  2161 | D:2      | Reached XP level 5. HP: 28/28 MP: 13/13
  2322 | D:3      | Found a bloodstained altar of Trog.
  2352 | D:3      | Found an opulent altar of Gozag.
  2479 | D:3      | Noticed Jessica
  2498 | D:3      | Killed Jessica
  2791 | D:3      | Found a glowing golden altar of the Shining One.
  3275 | D:4      | Noticed a phantom
  3289 | D:4      | Killed a phantom
  3289 | D:4      | Reached skill level 5 in Conjurations
  3289 | D:4      | Reached skill level 5 in Fire Magic
  3289 | D:4      | Reached XP level 6. HP: 32/32 MP: 9/15
  3296 | D:4      | Learned a level 5 spell: Fireball
  3608 | D:4      | Reached skill level 5 in Spellcasting
  4000 | D:4      | Noticed a hippogriff
  4010 | D:4      | Killed a hippogriff
  4010 | D:4      | Reached XP level 7. HP: 36/36 MP: 5/17
  4096 | D:5      | Entered Level 5 of the Dungeon
  4109 | D:5      | Learned a level 3 spell: Inner Flame
  4117 | D:5      | Reached skill level 6 in Conjurations
  4314 | D:5      | Noticed Menkaure
  4318 | D:5      | Killed Menkaure
  4320 | D:5      | You fall through a shaft!
  4431 | D:6      | Reached skill level 7 in Conjurations
  4431 | D:6      | Reached XP level 8. HP: 41/41 MP: 13/19
  4921 | D:5      | Found a staircase to the Ecumenical Temple.
  4972 | Temple   | Entered the Ecumenical Temple
  4990 | Temple   | Became a worshipper of Vehumet
  5334 | D:5      | Reached skill level 8 in Conjurations
  6416 | D:7      | Reached * piety under Vehumet
  6416 | D:7      | Offered knowledge of Sandblast by Vehumet.
  6416 | D:7      | Reached XP level 9. HP: 45/45 MP: 18/22
  6428 | D:7      | Found Garef's Assorted Antiques.
  6480 | D:7      | Noticed a slime creature
  6566 | D:7      | Noticed a slime creature
  6569 | D:7      | Noticed a slime creature
  6569 | D:7      | Noticed a slime creature
  6569 | D:7      | Noticed a slime creature
  6569 | D:7      | Noticed a slime creature
  6572 | D:7      | Found Pojodyosuy's Jewellery Shoppe.
  6593 | D:7      | Killed a slime creature
  6593 | D:7      | Reached skill level 9 in Conjurations
  7040 | D:7      | Noticed Pikel
  7042 | D:7      | Killed Pikel
  7165 | D:7      | Found Rirogh's Book Shop.
  7362 | D:7      | Killed a slime creature
  7362 | D:7      | Reached skill level 10 in Conjurations
  7363 | D:7      | Killed a slime creature
  7363 | D:7      | Reached ** piety under Vehumet
  7363 | D:7      | Offered knowledge of Searing Ray by Vehumet.
  7363 | D:7      | Reached skill level 10 in Fire Magic
  7384 | D:7      | Killed a slime creature
  7384 | D:7      | Reached XP level 10. HP: 45/50 MP: 4/25
  7389 | D:7      | Killed a slime creature
  7390 | D:7      | Killed a slime creature
  7730 | D:8      | Noticed Joseph
  7742 | D:8      | Killed Joseph
  7841 | D:8      | Reached skill level 11 in Conjurations
  8079 | D:8      | Noticed Maurice
  8082 | D:8      | Killed Maurice
  8141 | D:8      | Found Plog's Magic Scroll Shoppe.
  8158 | D:8      | Bought a scroll of enchant armour for 82 gold pieces
  8158 | D:8      | Bought a scroll of identify for 22 gold pieces
  8158 | D:8      | Bought a scroll of random uselessness for 11 gold pieces
  8158 | D:8      | Bought a scroll of enchant weapon for 82 gold pieces
  8158 | D:8      | Bought a scroll of teleportation for 33 gold pieces
  8158 | D:8      | Bought a scroll of noise for 11 gold pieces
  8158 | D:8      | Bought a scroll of identify for 22 gold pieces
  8158 | D:8      | Bought a scroll of identify for 22 gold pieces
  8158 | D:8      | Bought a scroll of identify for 22 gold pieces
  8198 | D:8      | Noticed Grum
  8201 | D:8      | Reached skill level 10 in Spellcasting
  8207 | D:8      | Killed Grum
  8457 | D:8      | Offered knowledge of Ignite Poison by Vehumet.
  8492 | D:8      | Noticed a three-headed hydra
  8503 | D:8      | Killed a three-headed hydra
  8503 | D:8      | Reached XP level 11. HP: 32/54 MP: 8/27
  8504 | D:8      | Reached *** piety under Vehumet
  8821 | D:8      | Reached skill level 12 in Conjurations
  8871 | D:8      | Noticed an angel
  8872 | D:8      | Found a glowing silver altar of Zin.
  8955 | D:9      | Gained mutation: Your flesh is heat resistant. [mutagenic meat]
  8995 | D:9      | Gained mutation: Your magical capacity is low (-10% MP). [mutagenic meat]
  8996 | D:9      | Gained mutation: Your spells are a little harder to cast, but a little more powerful. [mutagenic meat]
  8997 | D:9      | Lost mutation: Your spells are a little harder to cast, but a little more powerful. [mutagenic meat]
  8998 | D:9      | Gained mutation: You can spit weak poison. [mutagenic meat]
  8999 | D:9      | Gained mutation: You have a pair of small horns on your head. [mutagenic meat]
  9001 | D:9      | Gained mutation: Your magical capacity is very low (-20% MP). [mutagenic meat]
  9002 | D:9      | Gained mutation: You can translocate small distances at will. [mutagenic meat]
  9003 | D:9      | Gained mutation: You have sharp toenails. [mutagenic meat]
  9004 | D:9      | Gained mutation: Your body sometimes deteriorates upon taking damage. [mutagenic meat]
  9005 | D:9      | Lost mutation: You can spit weak poison. [potion of cure mutation]
  9005 | D:9      | Lost mutation: Your magical capacity is very low (-20% MP). [potion of cure mutation]
  9005 | D:9      | Lost mutation: Your flesh is heat resistant. [potion of cure mutation]
  9005 | D:9      | Lost mutation: You have sharp toenails. [potion of cure mutation]
  9005 | D:9      | Lost mutation: Your magical capacity is low (-10% MP). [potion of cure mutation]
  9005 | D:9      | Lost mutation: Your body sometimes deteriorates upon taking damage. [potion of cure mutation]
  9292 | D:9      | Gained mutation: You can breathe flames. [potion of beneficial mutation]
  9342 | D:9      | Offered knowledge of Dazzling Spray by Vehumet.
  9750 | D:9      | You fall through a shaft!
  9750 | D:10     | Entered Level 10 of the Dungeon
  9750 | D:10     | Noticed a hill giant
  9768 | D:10     | Killed a hill giant
  9768 | D:10     | Reached skill level 1 in Shields
  9770 | D:10     | Reached skill level 1 in Fighting
  9867 | D:10     | Found a staircase to the Lair.
 11129 | D:11     | Found a labyrinth entrance.
 11155 | Lab      | Entered a labyrinth
 11966 | Lab      | Noticed a minotaur
 12183 | Lab      | Identified the +5 morningstar of Midnight {crush, rF+ MR+ SInv}
 12183 | Lab      | Slain by a minotaur

Dungeon Overview and Level Annotations

Branches:
Dungeon (11/15)            Temple (1/1) D:5            Lair (0/8) D:10
    Orc: D:9-12

Altars:
Fedhas
Gozag
Kikubaaqudgha
Makhleb
Okawaru
Qazlal
Ru
Trog
Vehumet
Xom
Zin
The Shining One

Shops:
D:7 :*=   D:8 ?


Message History

The minotaur barely misses you. The minotaur gores you!
You hit the minotaur but do no damage.
You headbutt the minotaur, but do no damage.
The minotaur is moderately wounded.
You feel yourself slow down.
The minotaur is engulfed in roaring flames.
The minotaur hits you but does no damage.
The minotaur gores you.
Casting: Flame Tongue
Confirm with . or Enter, or press ? or * to list all spells.
Aiming: Flame Tongue
Press: ? - help, Shift-Dir - straight line, f/p - minotaur
Aim: a minotaur, wielding a fine morningstar {crush}, wearing a smelly chain mail and wearing a smoking diamond amulet (flame, moderately wounded)
You feel a surge of power!
The flame tongue hits the minotaur.
The minotaur resists.
The minotaur is heavily wounded.
Casting: Flame Tongue
Confirm with . or Enter, or press ? or * to list all spells.
Aiming: Flame Tongue
Press: ? - help, Shift-Dir - straight line, f/p - minotaur
Aim: a minotaur, wielding a fine morningstar {crush}, wearing a smelly chain mail and wearing a smoking diamond amulet (flame, heavily wounded)
You feel a surge of power!
The flame tongue hits the minotaur.
The minotaur resists.
The minotaur is heavily wounded.
The minotaur is engulfed in roaring flames.
The minotaur evokes its amulet.
The minotaur goes berserk!
Casting: Flame Tongue
Confirm with . or Enter, or press ? or * to list all spells.
Aiming: Flame Tongue
Press: ? - help, Shift-Dir - straight line, f/p - minotaur
Aim: a minotaur, wielding a fine morningstar {crush}, wearing a smelly chain mail and wearing a smoking diamond amulet (flame, heavily wounded, berserk, fast, unusually strong)
You feel a surge of power!
The flame tongue hits the minotaur.
The minotaur appears unharmed.
The minotaur is heavily wounded.
The minotaur is engulfed in roaring flames.
You block the minotaur's attack. The minotaur barely misses you.
The minotaur hits you with a fine morningstar {crush}!!
Ouch! That really hurt!
The minotaur gores you!
You die...

You could see a minotaur (berserk).

Vanquished Creatures
  A hydra (D:8)
  Pikel (D:7)
  A hill giant (D:10)
  A cyclops (D:11)
  A manticore (D:11)
  Maurice (D:8)
  Joseph (D:8)
  A gargoyle (D:10)
  A fire drake (D:10)
  2 two-headed ogres
  A minotaur skeleton (Lab)
  6 slime creatures (D:7)
  6 hungry ghosts
  2 yaks (D:8)
  Grum (D:8)
  A hippogriff (D:4)
  4 wolves (D:8)
  Menkaure (D:5)
  3 ice beasts
  2 phantoms
  3 ogres
  2 necrophages
  4 sky beasts
  2 slaves (D:7)
  2 black bears
  2 centaurs
  6 big kobolds
  7 giant frogs
  2 gnoll sergeants
  A wyvern skeleton (D:8)
  10 killer bees
  6 scorpions
  4 wights (D:10)
  2 centaur zombies
  7 hounds
  A jelly (D:8)
  5 crimson imps
  A giant frog zombie (D:9)
  4 orc wizards
  3 giant frog skeletons
  Ijyb (D:2)
  5 centaur skeletons
  Jessica (D:3)
  Natasha (thrice) (D:2)
  2 iguanas
  6 worker ants
  2 sheep (D:8)
  3 worker ant zombies
  Robin (D:2)
  14 adders
  20 gnolls
  A shadow imp (D:6)
  4 worms
  9 giant geckos
  14 orcs
  2 ball pythons
  6 giant cockroaches
  14 goblins
  12 hobgoblins
  2 quokkas
  3 bats
  A giant cockroach zombie (D:6)
  A giant gecko skeleton (D:6)
  5 giant newts
  A jackal zombie (D:7)
  13 kobolds
  A quokka skeleton (D:5)
  9 rats
268 creatures vanquished.

Vanquished Creatures (others)
  A slave (D:9)
  A plant (D:8)
2 creatures vanquished.

Grand Total: 270 creatures vanquished

Action                   |  1- 3 |  4- 6 |  7- 9 | 10-12 || total
-------------------------+-------+-------+-------+-------++-------
Melee: Spear             |     9 |       |       |       ||     9
       Dagger            |     1 |    31 |     6 |    58 ||    96
       Rapier            |       |    32 |   108 |       ||   140
       Mace              |       |       |       |    36 ||    36
 Fire: Blowgun           |       |       |       |     6 ||     6
 Cast: Flame Tongue      |    46 |    95 |   120 |   156 ||   417
       Conjure Flame     |     1 |     7 |    14 |    33 ||    55
       Sticky Flame      |       |     1 |     8 |    24 ||    33
       Inner Flame       |       |       |     3 |     3 ||     6
       Fireball          |       |       |    12 |    19 ||    31
Evoke: Wand              |       |       |       |     9 ||     9
  Use: Scroll            |     1 |       |       |    24 ||    25
       Potion            |       |       |       |     9 ||     9
 Stab: Sleeping          |     1 |     4 |     1 |     6 ||    12
  Eat: Chunk             |     1 |     9 |    26 |    31 ||    67
       Fruit             |       |       |       |     2 ||     2
       Beef jerky        |       |       |       |     1 ||     1

Vault maps used:
D:1:      minmay_arrival_cross
D:2:      marbit_many_paths, uniq_natasha, uniq_iyjb, uniq_robin
D:3:      nicolae_tso_swordbearing_angel, bloody_trog,
          nicolae_gozag_seed_capital, uniq_jessica
D:4:      serial_glass, glass_columns_a, glass_columns_c, first_bread,
          kennysheep_diamond, patterned_corridor
D:5:      minmay_temple_entry_large_hall, uniq_menkaure
D:7:      serial_shops, shop, shop, shop_coins, uniq_pikel
D:8:      zin_angel, serial_shops, nicolae_shop_stone, hangedman_ranch,
          uniq_grum, uniq_maurice, uniq_joseph
D:10:     minmay_lair_entry_lava
D:11:     lab_entry_generic
Temple:   eino_wide_crystal_templ_15
Lab:      labyrinth_mini_lab, nicolae_lab_diamond, nicolae_lab_quarters,
          labyrinth_skeletal_remains, nicolae_lab_t_cross, lab_hedge,
          nicolae_lab_grate, nicolae_lab_grate_2, nicolae_lab_starburst
